 Dungeon Crawl Stone Soup version 0.25.1-2-g60ff931df9 (webtiles) character file.

Game seed: 14002052684074542769

63 Borneo the Grave Robber (level 3, -3/24 HPs)
             Began as a Vampire Necromancer on Oct 28, 2020.
             Slain by a gnoll
             ... wielding a +0 club
              (9 damage)
             ... on level 2 of the Dungeon.
             The game lasted 00:06:09 (1288 turns).

Borneo the Grave Robber (Vampire Necromancer)       Turns: 1288, Time: 00:06:10

Health: -3/24      AC:  2    Str:  7    XL:     3   Next: 87%
Magic:  3/7        EV: 12    Int: 18    God:
Gold:   65         SH:  0    Dex: 14    Spells: 5/7 levels left

rFire    . . .     SeeInvis +     - Unarmed
rCold    . . .     Gourm    .   (no shield)
rNeg     . . .     Faith    .   a - +0 robe
rPois    .         Spirit   .   (no helmet)
rElec    .         Reflect  .   (no cloak)
rCorr    .         Harm     .   (no gloves)
MR       .....                  (no boots)
Stlth    ++........             (no amulet)
HPRegen  0.28/turn              (no ring)
MPRegen  0.10/turn              (no ring)

@: regenerating quickly
A: no food, fangs 3, see invisible, unbreathing
a: Exsanguinate


You were on level 2 of the Dungeon.
You were alive.

You visited 1 branch of the dungeon, and saw 2 of its levels.

You collected 65 gold pieces.

Inventory:

Armour
 a - a +0 robe (worn)
Jewellery
 c - an uncursed ring of see invisible {unknown}
Scrolls
 b - a scroll of random uselessness {unknown}
 e - a scroll of identify {unknown}
Potions
 d - a potion of magic {unknown}
 f - a potion of might {unknown}


   Skills:
 + Level 2.2 Dodging
 + Level 3.1 Stealth
 + Level 1.0 Unarmed Combat
 + Level 2.8 Spellcasting
 + Level 5.2 Necromancy


You had 5 spell levels left.
You knew the following spells:

 Your Spells              Type           Power        Failure   Level  Hunger
a - Pain                  Necr           ###.         1%          1    N/A
b - Animate Skeleton      Necr           N/A          1%          1    N/A

Your spell library contained the following spells:

 Spells                   Type           Power        Failure   Level  Hunger
 Vampiric Draining        Necr           ###.......   5%          3    N/A
 Animate Dead             Necr           N/A          19%         4    N/A
 Agony                    Necr           ###.....     45%         5    N/A

Dungeon Overview and Level Annotations

Branches:
Dungeon (2/15)

Altars:
Okawaru

Annotations:
D:1 1 runed translucent door


Innate Abilities, Weirdness & Mutations

You do not eat.
Your natural rate of healing is unusually fast.
You have razor-sharp teeth.
You have supernaturally acute eyesight. (SInv)
You can survive without breathing.


Message History

Press: ? - help, Shift-Dir - straight line, f - gnoll
Aim: a gnoll, wielding a +0 club (heavily wounded, chance to defeat MR: 86%)
The gnoll barely resists.
You open the door.
There is an open door here.
There is an open door here.
You see here a +0 spear.
The gnoll hits you with a +0 club!
* * * LOW HITPOINT WARNING * * *
The gnoll hits you from afar with a +0 spear.
* * * LOW HITPOINT WARNING * * *
You see here a ration.
You see here a +0 club.
Casting: Pain (safe; 1% risk of failure)
Confirm with . or Enter, or press ? or * to list all spells.
Aiming: Pain (safe; 1% risk of failure)
Press: ? - help, Shift-Dir - straight line, f/p - gnoll
Aim: a gnoll, wielding a +0 club (lightly wounded, chance to defeat MR: 86%)
The gnoll writhes in agony.
The gnoll hits you with a +0 club!
You die...

#####################
...............%g...#
.##.###.###########.#
.##.##...## #.#
.##.#.....# ##.##
###.##.).## ###g..#
###.###.## #...#.# ....#
#.# #g#...# ##### #.#
#@##### # ##'## #.# #
##...## #.# # ##.....##
#.## # ##.......## #..##
###...).....####...######.
..+.........'.....<.......
###.........####...######.
###........## #...#


You could see 2 gnolls.

Vanquished Creatures
  2 gnolls (D:2)
  2 adders (D:2)
  A worm (D:2)
  4 bats
  2 giant cockroaches (D:2)
  4 goblins
  3 hobgoblins
  3 jackals (D:1)
  A kobold (D:1)
  A frilled lizard (D:2)
  3 rats (D:1)
26 creatures vanquished.

Notes
Turn   | Place    | Note
-------+----------+-------------------------------------------
     0 | D:1      | Borneo the Vampire Necromancer began the quest for the Orb.
     0 | D:1      | Reached XP level 1. HP: 13/13 MP: 3/3
     3 | D:1      | Found a runed translucent door.
    11 | D:1      | Noticed a jelly
   316 | D:1      | Reached XP level 2. HP: 19/19 MP: 3/5
   717 | D:1      | Learned a level 1 spell: Animate Skeleton
   778 | D:2      | Reached skill level 5 in Necromancy
   839 | D:2      | Found an iron altar of Okawaru.
  1014 | D:2      | Reached XP level 3. HP: 21/24 MP: 0/6
  1083 | D:2      | Reached skill level 1 in Unarmed Combat
  1288 | D:2      | Slain by a gnoll

Illustrated notes

Levels and vault maps discovered:
D:1:      dpeg_arrival_caged_fury, layout_basic, corexii_item_surrounded_by_moat
D:2:      layout_loops_corners, okawaru_ov_weapons_minmay

Skill      XL: |  1  2  3 |
---------------+----------+-----
Necromancy     | 5 |  5.2
Unarmed Combat | 1 |  1.0
Dodging        | |  2.2
Stealth        | |  3.1
Spellcasting   | |  2.8

Action                   || total
-------------------------++-------
Melee: Unarmed           ||    21
       Bite              ||     2
 Cast: Pain              ||    55
       Animate Skeleton  ||     2
Armor: Robe              ||     4
Dodge: Dodged            ||    28
